 Dungeon Crawl Stone Soup version 0.30-a0-459-g9104f0fc43 (webtiles) character file.

Game seed: 17546423868989575184

562 zero the Thaumaturge (level 7, -3/37 HPs)
             Began as a Deep Elf Conjurer on Dec 15, 2022.
             Slain by Edmund
             ... wielding a +0 flail of venom
              (5 damage)
             ... on level 5 of the Dungeon.
             The game lasted 00:03:49 (3661 turns).

zero the Thaumaturge (Deep Elf Conjurer)            Turns: 3661, Time: 00:03:50

Health: -3/37      AC:  4    Str:  4    XL:     7   Next: 10%
Magic:  1/20       EV: 12    Int: 25    God:
Gold:   231        SH:  0    Dex: 13    Spells: 15/22 levels left

rFire   . . .      SeeInvis +    o - +0 dagger (venom)
rCold   . . .      Faith    .    (no shield)
rNeg    . . .      Spirit   .    a - +0 robe
rPois   .          Reflect  .    (no helmet)
rElec   .          Harm     .    l - +0 cloak
rCorr   +          Rampage  .    (no gloves)
Will    .....                    s - +0 pair of boots
Stlth   ++........               (no amulet)
HPRegen 0.26/turn                d - ring of see invisible
MPRegen 0.17/turn                p - ring of resist corrosion

@: lethally poisoned (-3 -> -17)
A: no striking features
a: no special abilities


You were on level 5 of the Dungeon.
You visited 1 branch of the dungeon, and saw 5 of its levels.

You collected 231 gold pieces.

Inventory:

Hand Weapons
 o - a +0 dagger of venom (weapon)
Missiles
 e - 11 poisoned darts
Armour
 a - a +0 robe (worn)
 c - a +0 pair of boots
 l - a +0 cloak (worn)
 s - a +0 pair of boots (worn)
Jewellery
 d - a ring of see invisible (left hand)
 p - a ring of resist corrosion (right hand)
Scrolls
 f - 3 scrolls of enchant weapon {unknown}
 g - 3 scrolls of teleportation {unknown}
 h - 2 scrolls of identify {unknown}
 i - 2 scrolls of vulnerability {unknown}
 n - a scroll of blinking {unknown}
 t - a scroll of poison {unknown}
 u - a scroll of fog {unknown}
 v - a scroll of torment {unknown}
 w - a scroll of butterflies {unknown}
Potions
 b - a potion of magic
 j - a potion of might {unknown}
 k - a potion of curing
 m - a potion of cancellation {unknown}
 q - 3 potions of flight {unknown}
 r - a potion of resistance {unknown}


   Skills:
 + Level 0.7 Fighting
 + Level 2.8 Dodging
 + Level 2.9 Stealth
 + Level 8.1 Spellcasting
 + Level 4.6 Conjurations
 + Level 4.2 Translocations


You had 15 spell levels left.
You knew the following spells:

 Your Spells              Type           Power      Damage    Failure   Level
a - Magic Dart            Conj           100%       1d8       1%          1
b - Searing Ray           Conj           66%        2d6       1%          2
c - Iskenderun's Mystic   Conj/Tloc      32%        2d8       10%         4

Your spell library contained the following spells:

 Spells                   Type           Power      Damage    Failure   Level
 Summon Small Mammal      Summ           40%        N/A       6%          1
 Dazzling Flash           Conj/Hex       42%        N/A       7%          3
 Call Canine Familiar     Summ           10%        N/A       19%         3
 Summon Guardian Golem    Hex/Summ       10%        N/A       19%         3
 Fulminant Prism          Conj/Hex       10%        3d9       22%         4
 Summon Forest            Summ/Tloc      10%        N/A       56%         5
 Summon Mana Viper        Hex/Summ       10%        N/A       86%         5
 Summon Cactus Giant      Summ           5%         N/A       100%        6


Dungeon Overview and Level Annotations

Branches:
Dungeon (5/15)
 Temple: D:4-7

Altars:
Qazlal
Uskayaw

Shops:
D:3 ?   D:4 (

Annotations:
D:5 Edmund


Message History

You erupt in a blast of force!
The mystic blast hits Edmund.
Edmund is heavily wounded.
Edmund is knocked back by the mystic blast.
Edmund slams into the rock wall!
The mystic blast hits the scorpion!
The scorpion is almost dead.
The scorpion is knocked back by the mystic blast.
Casting: Iskenderun's Mystic Blast (quite dangerous; 10% risk of failure)
Confirm with . or Enter, or press ? or * to list all spells.
Aiming: Searing Ray (safe; 1% risk of failure)
Press: ? - help, Shift-Dir - straight line, f/p - Edmund
Aim: Edmund, wielding a +0 flail of venom and wearing a +0 chain mail (heavily wounded, 86% to hit)
Okay, then.
Casting: Searing Ray (safe; 1% risk of failure)
Confirm with . or Enter, or press ? or * to list all spells.
You erupt in a blast of force!
The mystic blast hits the scorpion!
You kill the scorpion!
You have reached level 7!
Casting: Iskenderun's Mystic Blast (quite dangerous; 10% risk of failure)
Confirm with . or Enter, or press ? or * to list all spells.
Aiming: Searing Ray (safe; 1% risk of failure)
Press: ? - help, Shift-Dir - straight line, f/p - Edmund
Aim: Edmund, wielding a +0 flail of venom and wearing a +0 chain mail (heavily wounded, 86% to hit)
The searing ray hits Edmund.
Edmund is heavily wounded. (Press . to maintain the ray.)
The searing ray hits Edmund but does no damage.
Edmund is heavily wounded.
Edmund hits you with a +0 flail of venom.
The searing ray hits Edmund but does no damage.
Edmund is heavily wounded.
Edmund hits you with a +0 flail of venom!
* * * LOW HITPOINT WARNING * * *
You are lethally poisoned!
The searing ray hits Edmund!
Edmund is severely wounded.
You finish channelling your searing ray.
* * * LOW HITPOINT WARNING * * *
You feel very sick.
Edmund hits you with a +0 flail of venom.
You die...

.##. ###### ...
#....## #.#
#.....##
#.###......##
#...#.......#
#...........#
##.##..†....#
#..###.)...##
##.## ###.@##
#..# ##.@###
#..# ###..######
##.##
##..#...#...
#..# ##.....§...
##.##
#......≈§≈§≈
####..#
.....$....§§§..
###.....##
.........#.§.§.≈
#........#
..#....###.§.≈..


You could see Edmund.

Vanquished Creatures
  An ice beast (D:5)
  A phantom (D:4)
  3 scorpions
  A hound (D:4)
  A jelly (D:5)
  An orc wizard (D:4)
  5 adders
  5 worms
  A dart slug (D:3)
  4 orcs
  7 bats
  4 endoplasms
  6 giant cockroaches
  5 goblins
  3 hobgoblins
  3 quokkas
  6 ball pythons
  3 frilled lizards
  6 kobolds
  3 rats
69 creatures vanquished.

Notes
Turn   | Place    | Note
-------+----------+-------------------------------------------
     0 | D:1      | zero the Deep Elf Conjurer began the quest for the Orb.
     0 | D:1      | Reached XP level 1. HP: 10/10 MP: 6/6
   242 | D:1      | Reached skill level 4 in Spellcasting
   242 | D:1      | Reached XP level 2. HP: 15/15 MP: 6/9
   245 | D:1      | Learned a level 2 spell: Searing Ray
   954 | D:2      | Reached XP level 3. HP: 19/19 MP: 3/11
  1039 | D:2      | Reached skill level 5 in Spellcasting
  1890 | D:3      | Found Cumivif's Magic Scroll Shoppe.
  2081 | D:3      | Reached XP level 4. HP: 24/24 MP: 8/13
  2086 | D:3      | Learned a level 4 spell: Iskenderun's Mystic Blast
  2145 | D:3      | Reached skill level 6 in Spellcasting
  2449 | D:4      | Found a hide-covered altar of Uskayaw.
  2452 | D:4      | Noticed a +0 hand axe
  2452 | D:4      | Noticed a +0 hand axe
  2482 | D:4      | Noticed a scorpion
  2486 | D:4      | Killed a scorpion
  2487 | D:4      | Reached skill level 1 in Translocations
  2487 | D:4      | Reached XP level 5. HP: 28/28 MP: 10/16
  2540 | D:4      | Noticed a phantom
  2551 | D:4      | Killed a phantom
  2552 | D:4      | Reached skill level 7 in Spellcasting
  2898 | D:4      | Reached XP level 6. HP: 32/32 MP: 14/18
  3064 | D:4      | Found Wupher's Weapon Boutique.
  3351 | D:5      | Entered Level 5 of the Dungeon
  3351 | D:5      | Noticed an ice beast
  3359 | D:5      | Killed an ice beast
  3362 | D:5      | Reached skill level 8 in Spellcasting
  3592 | D:5      | Noticed Edmund
  3640 | D:5      | Found a stormy altar of Qazlal.
  3658 | D:5      | Reached XP level 7. HP: 23/37 MP: 5/20
  3661 | D:5      | Slain by Edmund

Illustrated notes

Levels and vault maps discovered:
D:1:      enne_arrival_octagon_isle, layout_rooms, hangedman_decor_push
D:2:      layout_basic, minmay_tree_intersection, roderic_roman_lattice,
          minivault_27, minmay_worlds_worst_comb
D:3:      layout_rooms, serial_shops, shop
D:4:      minmay_recursive_quarters, layout_basic, dancing_weapons_uskayaw,
          serial_shops, shop
D:5:      layout_cave_pods, okawaru_ov_weapons_minmay,
          mainiacjoe_overflow_concentric_impassable, general_overflow_altar,
          uniq_sigmund, uniq_edmund

Skill      XL: |  1  2  3  4  5  6 |
---------------+-------------------+-----
Spellcasting   | 4 5 6 7 8 |  8.1
Translocations | 1 3 4 |  4.2
Fighting       | |  0.7
Dodging        | |  2.8
Stealth        | |  2.9
Conjurations   | |  4.6

Action                   |  1- 3 |  4- 6 |  7- 9 || total
-------------------------+-------+-------+-------++-------
Melee: Unarmed           |     1 |       |       ||     1
       Dagger            |    10 |    13 |       ||    23
 Cast: Magic Dart        |    71 |    30 |       ||   101
       Searing Ray       |     5 |    15 |     1 ||    21
       Iskenderun's Myst |       |     2 |       ||     2
  Use: Potion            |       |     2 |       ||     2
 Stab: Sleeping          |     2 |     2 |       ||     4
Armor: Robe              |     6 |     6 |       ||    12
Dodge: Dodged            |    11 |    32 |       ||    43

Table legend: (Time is in decaauts)
 A = Elapsed time spent in this place.
 B = Non-inter-level travel time spent in this place.
 C = Inter-level travel time spent in this place.
 D = Time resting spent in this place.
 E = Time spent auto-exploring this place.
 F = Levels seen in this place.
 G = Mean time per level.
                   A        B        C        D        E       F      G
               +--------+--------+--------+--------+--------+-----+--------+
         Total |   3658 |   3520 |    138 |    435 |   2605 |   5 |  731.6 |
       Dungeon |   3658 |   3520 |    138 |    435 |   2605 |   5 |  731.6 |
               +--------+--------+--------+--------+--------+-----+--------+

Top non-repeatable levels by time:
     D:2: 1125 daAuts
     D:4: 1044 daAuts
     D:1: 624 daAuts
     D:3: 554 daAuts
     D:5: 309 daAuts
